 Dungeon Crawl Stone Soup version 0.31.0-11-ge490571c62 (webtiles) character file.

Game seed: 4874902895463525577

1282 gelatine the Ruffian (level 8, 0/74 HPs)
             Began as a Troll Shapeshifter on Jan 28, 2024.
             Slain by a black bear (3 damage)
             ... in the Ecumenical Temple.
             The game lasted 00:09:26 (4509 turns).

gelatine the Ruffian (Troll Shapeshifter)           Turns: 4509, Time: 00:09:26

Health: 0/74       AC:  4    Str: 25    XL:     8   Next: 29%
Magic:  7/7        EV: 10    Int:  6    God:
Gold:   344        SH:  0    Dex:  9    Spells: 7/7 levels left

rFire   . .          .
                       - Unarmed
rCold   . . .        (no shield)
rNeg    . . .        a - +0 animal skin
rPois   .            (helmet currently unavailable)
rElec   .            (cloak currently unavailable)
rCorr   .            (gloves unavailable)
SInv    .            (boots unavailable)
Will    .....        (no amulet)
Stlth   +            t - ring of flight
HPRegen 1.12/turn    (no ring)
MPRegen 0.10/turn

%: no passive effects
@: mighty, beast-form, flying
A: beast (slay +3), large, unfitting armour, claws 3, regeneration 1, shaggy fur
1, tough skin 1
a: Begin Untransformation


You were in the Ecumenical Temple.
You were a hulking beast.
You visited 2 branches of the dungeon, and saw 7 of its levels.

You collected 344 gold pieces.

Inventory:

Missiles
 g - 6 darts of dispersal
 i - 4 throwing nets
 q - a boomerang
 z - 5 poisoned darts (quivered)
Armour
 a - a +0 animal skin (worn)
Jewellery
 t - a ring of flight (left claw)
Talismans
 c - a beast talisman
 d - a flux talisman
 m - a blade talisman
Wands
 r - a wand of flame (13)
 w - a wand of mindburst (13)
 y - a wand of paralysis (14)
Scrolls
 e - a scroll of noise
 h - 2 scrolls of teleportation {unknown}
 l - 2 scrolls of fog {unknown}
 n - a scroll of vulnerability {unknown}
 o - a scroll of fear {unknown}
 p - a scroll of blinking {unknown}
Potions
 b - 2 potions of lignification
 f - 2 potions of brilliance
 j - 2 potions of curing
 k - 2 potions of magic
 s - a potion of heal wounds {unknown}
 u - 2 potions of might
 v - a potion of berserk rage {unknown}
 x - 3 potions of mutation {unknown}


   Skills:
 * Level 2.9 Fighting
 + Level 3.2 Throwing
 + Level 3.1 Dodging
 + Level 1.2 Stealth
 + Level 6.4 Unarmed Combat
 * Level 5.2 Shapeshifting


You had 7 spell levels left.
You didn't know any spells.
Your spell library was empty.

Dungeon Overview and Level Annotations

Branches:
Dungeon (6/15)             Temple (1/1) D:6

Altars:
Ashenzari
Dithmenos
Elyvilon
Fedhas
Hepliaklqana
Kikubaaqudgha
Makhleb
Nemelex Xobeh
Okawaru
Qazlal
Ru
Sif Muna
Trog
Uskayaw
Vehumet
Wu Jian
Xom
Yredelemnul
Zin
The Shining One

Shops:
D:2 ?

Annotations:
D:3 1 runed translucent door, DaftaChap's ghost, amateur AtCK
D:6 Sigmund


Innate Abilities, Weirdness & Mutations

You are a hulking beast.
Your limbs bulge with bestial killing power. (Slay +3)
You are too large for most types of armour.
You have claws for hands.
Your natural rate of healing is unusually fast.
You are covered in fur. (AC +1)
You have tough skin. (AC +1)


Message History

The white imp hits you but does no damage.
Found a lumpy red potion.
The iguana barely misses you. The white imp gestures at you.
The puff of frost misses you. The iguana closely misses you.
The white imp closely misses you. The iguana completely misses you.
The white imp attacks as it pursues you!
The white imp hits you. The white imp freezes you.
There is a staircase to the Ecumenical Temple here.
You barely miss the iguana.
The iguana bites you but does no damage.
The white imp hits you. The white imp freezes you.
You completely miss the iguana.
Sigmund gestures wildly while chanting.
Sigmund flickers and vanishes!
Deactivating autopickup; reactivate with Ctrl-A.
The iguana bites you but does no damage.
The white imp hits you. The white imp freezes you.
You completely miss the iguana. You claw the iguana.
The iguana is moderately wounded.
The iguana bites you! The white imp hits you. The white imp freezes you.
* * * LOW HITPOINT WARNING * * *
You can't go up here!
The iguana bites you!
* * * LOW HITPOINT WARNING * * *
The black bear bites you!
* * * LOW HITPOINT WARNING * * *
The black bear misses you. The black bear claws you.
* * * LOW HITPOINT WARNING * * *
The white imp gestures at you. The puff of frost misses you.
You fly downwards.
Welcome to the Ecumenical Temple!
Found a glowing silver altar of Zin.
Found a staircase back to the Dungeon.
Reactivating autopickup.
There is a staircase back to the Dungeon here.
Okay, then.
It was a potion of might.
You feel very mighty all of a sudden. The black bear bites you.
You die...

≈≈≈≈≈≈≈≈≈≈≈≈≈≈≈≈≈≈≈≈≈≈≈≈≈≈≈≈≈≈≈≈≈
≈≈≈≈.........................≈≈≈≈
.................................
................_................
._............................._.
........_..............._........
.................................
.................h...............
...._..........5h..........._....
...............l.................
.................................
........_..............._........
._............................._.
................8................
.................................
≈≈≈≈.........................≈≈≈≈
≈≈≈≈≈≈≈≈≈≈≈≈≈≈≈≈≈≈≈≈≈≈≈≈≈≈≈≈≈≈≈≈≈


You could see a black bear, an iguana and a white imp.

Vanquished Creatures
  An ice beast (D:5)
  A sky beast (D:5)
  An orc warrior (D:6)
  2 black bears
  An ogre (D:4)
  A kobold brigand (D:6)
  5 scorpions
  A howler monkey (D:5)
  An orc priest (D:3)
  2 hounds (D:5)
  3 iguanas
  8 adders
  A white imp (D:4)
  A dart slug (D:1)
  5 orcs
  4 endoplasms
  4 giant cockroaches
  7 goblins
  4 hobgoblins
  6 jackals
  17 kobolds
  4 quokkas
  7 ball pythons
  6 bats
  5 frilled lizards
  6 rats
104 creatures vanquished.

Notes
Turn   | Place    | Note
-------+----------+-------------------------------------------
     0 | D:1      | gelatine the Troll Shapeshifter began the quest for the
                  | Orb.
     0 | D:1      | Reached XP level 1. HP: 18/18 MP: 0/0
   259 | D:1      | Reached XP level 2. HP: 26/26 MP: 1/1
  1275 | D:2      | Reached XP level 3. HP: 15/32 MP: 2/2
  1464 | D:2      | Found The Oracle's Delphic Readings.
  1581 | D:2      | Found a sparkling altar of Nemelex Xobeh.
  1716 | D:2      | Found a faded altar of an unknown god.
  2023 | D:3      | Reached XP level 4. HP: 40/40 MP: 3/3
  2163 | D:3      | Noticed DaftaChap's ghost (amateur AtCK)
  2224 | D:3      | Reached skill level 1 in Fighting
  2224 | D:3      | Reached skill level 4 in Unarmed Combat
  2333 | D:3      | Found a runed translucent door.
  2699 | D:4      | Reached XP level 5. HP: 44/48 MP: 4/4
  2829 | D:4      | Found a bloodstained altar of Trog.
  3037 | D:4      | Reached XP level 6. HP: 54/55 MP: 5/5
  3061 | D:4      | Reached skill level 5 in Unarmed Combat
  3424 | D:5      | Entered Level 5 of the Dungeon
  3543 | D:5      | Reached XP level 7. HP: 55/63 MP: 6/6
  3620 | D:5      | Found a sacrificial altar of Ru.
  3621 | D:5      | Reached skill level 1 in Throwing
  3702 | D:5      | Reached skill level 1 in Stealth
  3915 | D:5      | Found an iron altar of Okawaru.
  3921 | D:5      | Found a white marble altar of Elyvilon.
  3922 | D:5      | Found a burning altar of Makhleb.
  3924 | D:5      | Found a broken altar of Ashenzari.
  3925 | D:5      | Found a hide-covered altar of Uskayaw.
  3966 | D:5      | Reached skill level 6 in Unarmed Combat
  4354 | D:5      | Reached skill level 5 in Shapeshifting
  4366 | D:6      | Reached XP level 8. HP: 61/74 MP: 7/7
  4447 | D:6      | Found a staircase to the Ecumenical Temple.
  4466 | D:6      | Noticed Sigmund
  4507 | D:6      | HP: 2/74 [black bear (7)]
  4508 | Temple   | Entered the Ecumenical Temple
  4509 | Temple   | Slain by a black bear

Illustrated notes

Levels and vault maps discovered:
D:1:      minmay_arrival_arboretum_small, layout_loops_corners,
          minmay_crystal_water
D:2:      layout_basic, basic_altar, hellmonk_ecumenical_altar_zigzags,
          nicolae_nh_oracle_at_delphi
D:3:      layout_rooms, hellmonk_ghost_happy_afterlife, serial_curves,
          eino_curves_04, eino_curves_04, eino_curves_01, eino_curves_04,
          minmay_fractal_squares_5
D:4:      layout_gridville, trog_hazing_becter
D:5:      layout_loops_corners, hangedman_ru_absence, minitemple,
          grunt_ministairs_1, kennysheep_generic_room_8
D:6:      minmay_spotlight, layout_rooms, cheibriados_altar_1, temple_pool_b,
          grunt_ministairs_10, minivault_19, uniq_sigmund
Temple:   dshaligram_water_room_temple

Skill      XL: |  1  2  3  4  5  6  7  8 |
---------------+-------------------------+-----
Fighting       | 1 2 |  2.9
Dodging        | 2 3 |  3.1
Unarmed Combat | 4 5 6 |  6.4
Shapeshifting  | 4 5 |  5.2
Throwing       | 2 3 |  3.2
Stealth        | 1 |  1.2

Action                     |  1- 3 |  4- 6 |  7- 9 || total
---------------------------+-------+-------+-------++-------
  Melee: Unarmed           |   102 |    97 |    64 ||   263
         Punch             |     2 |     4 |     3 ||     9
  Throw: Dart              |       |    14 |    40 ||    54
    Use: Scroll            |     2 |     3 |       ||     5
         Potion            |     1 |       |     1 ||     2
   Stab: Sleeping          |     1 |     1 |       ||     2
 Armour: Animal skin       |    70 |    65 |    67 ||   202
  Dodge: Dodged            |    45 |    44 |    41 ||   130
